 Dungeon Crawl Stone Soup version 0.24.0-1-gfbc8707 (webtiles) character file.

Game seed: 3139829203592221893, levelgen mode: deterministic

12779 Illumine the Covert (level 11, -7/80 HPs)
             Began as an Octopode Berserker on Nov 14, 2019.
             Was a High Priest of Trog.
             Mangled by a crocodile (12 damage)
             ... on level 2 of the Lair of Beasts.
             The game lasted 00:21:55 (12488 turns).

Illumine the Covert (Octopode Berserker)           Turns: 12488, Time: 00:21:55

Health: -7/80      AC:  1    Str: 17    XL:     11   Next: 98%
Magic:  11/11      EV: 13    Int: 15    God:    Trog [*****.]
Gold:   503        SH:  0    Dex: 14    Spells: 10/10 levels left

rFire    + . .     SeeInvis .   R - +0 scimitar (flame)
rCold    + . .     Gourm    .   f - +0 shield
rNeg     + . .     Faith    .   (helmet restricted)
rPois    .         Spirit   .   (no amulet)
rElec    .         Reflect  .   n - +4 ring of evasion
rCorr    .         Harm     .   B - ring of protection from fire
MR       .....                  E - ring of protection from cold
Stlth    +++++.....             H - +5 ring of intelligence
HPRegen  0.23/turn              I - ring of flight
MPRegen  0.12/turn              J - ring of positive energy
                                (no ring)
                                (no ring)

@: petrifying, berserk cooldown, slowed, very slow
A: almost no armour, stealthy swim, amphibious, 8 rings, constrict 8, camouflage
1, gelatinous body 1
a: Berserk, Trog's Hand, Brothers in Arms, Renounce Religion, Evoke Flight


You were on level 2 of the Lair of Beasts.
You worshipped Trog.
Trog was extremely pleased with you.
You were very hungry.

You visited 2 branches of the dungeon, and saw 12 of its levels.
You also visited: Ossuary.

You collected 658 gold pieces.
You spent 155 gold pieces at shops.

Inventory:

Hand Weapons
 g - a +0 long sword
 P - a +2 dagger of holy wrath
 R - a +0 scimitar of flaming (weapon)
 U - a +0 antimagic falchion
Missiles
 q - 3 atropa-tipped darts (quivered)
 y - 15 poisoned darts
 L - 7 javelins
Armour
 f - a +0 shield (worn)
Jewellery
 n - a +4 ring of evasion (left tentacle)
 B - a ring of protection from fire (right tentacle)
 E - a ring of protection from cold (on tentacle)
 H - a +5 ring of intelligence (on tentacle)
 I - a ring of flight (on tentacle)
 J - a ring of positive energy (on tentacle)
Wands
 a - a wand of scattershot (4)
 m - a wand of iceblast (14)
 Q - a wand of digging (7)
Scrolls
 c - 5 scrolls of remove curse
 e - a scroll of fear
 i - 6 scrolls of magic mapping
 l - 4 scrolls of enchant armour
 r - a scroll of fog {unknown}
 t - 3 scrolls of amnesia {unknown}
 z - 8 scrolls of teleportation
 N - a scroll of silence {unknown}
 O - a scroll of torment {unknown}
Potions
 h - 2 potions of resistance
 j - 2 potions of mutation
 k - a potion of might {unknown}
 o - 7 potions of curing
 p - 4 potions of heal wounds
 u - a potion of agility {unknown}
 v - a potion of invisibility {unknown}
 w - 5 potions of flight
 C - 2 potions of ambrosia
 F - 2 potions of haste
 G - 2 potions of brilliance {unknown}
 M - 2 potions of degeneration {unknown}
Comestibles
 b - 25 rations


   Skills:
 + Level 9.0 Fighting
 + Level 9.7 Long Blades
 + Level 9.0 Dodging
 - Level 10.0 Stealth
 * Level 9.2 Shields


You had 10 spell levels left.
You didn't know any spells.
Your spell library was empty.

Dungeon Overview and Level Annotations

Branches:
Dungeon (10/15)            Temple (0/1) D:5            Lair (2/6) D:10
Ossuary (visited)
  Swamp: Lair:2-4    Shoals: Lair:2-4     Snake: Lair:2-4    Spider: Lair:2-4
    Orc: D:9-12

Altars:
Dithmenos
Fedhas
Gozag
Hepliaklqana
Kikubaaqudgha
Makhleb
Okawaru
Qazlal
Uskayaw
Wu Jian
Xom
The Shining One

Shops:
D:7 :**?

Annotations:
D:5 Pikel


Innate Abilities, Weirdness & Mutations

You cannot wear most types of armour.
You are very stealthy in the water. (Stealth+)
You are amphibious.
You can wear up to eight rings at the same time.
You can use your tentacles to constrict eight enemies at once.
Your skin changes colour to match your surroundings (Stealth+).
Your rubbery body absorbs attacks. (AC +1, EV +1)


Message History

You constrict the basilisk. The basilisk gazes at you.
You are slowing down.
You slice the basilisk!! You burn the basilisk.
You kill the basilisk!
Trog accepts your kill.
Your Fighting skill increases to level 9!
The crocodile bites you!
* * * LOW HITPOINT WARNING * * *
Unknown command.
You hit the crocodile. You burn the crocodile.
Your squeeze misses the crocodile.
The crocodile is moderately wounded.
You are no longer berserk.
Trog's vigour flows through your veins.
You are exhausted.
You feel yourself slow down. The ice encasing you melts away.
The crocodile bites you!!
You die...

♣.♣P♣P♣♣.♣.♣♣.♣
♣♣.♣.♣♣♣♣♣♣.♣ ♣ .
P.♣.♣. ♣.♣♣ +P
.♣♣♣♣♣. ♣P.♣♣#. ♣
♣♣ ♣P♣.##..
♣♣♣.♣#.# # ♣♣.#.##
## ....##.##..#.P##
#......@....#
....#.....†t<...#
.... #........?....
.....P..........#..
..................#
..............%.+.#
.###P..........# #
#########.###


You could see a crocodile.

Vanquished Creatures
  A hydra (D:10)
  Erica (D:9)
  3 two-headed ogres (D:8)
  2 elephants (Lair:2)
  2 rime drakes (Lair:2)
  2 trolls
  2 hippogriffs
  2 dream sheep (D:10)
  5 yaks (D:10)
  2 wyverns
  A basilisk (Lair:2)
  A steam dragon (D:8)
  Duvessa (D:6)
  2 porcupines (Lair:1)
  2 water moccasins
  2 orc warriors (D:10)
  3 ice beasts
  An eye of draining (D:9)
  3 sky beasts
  A black bear (D:6)
  A necrophage (D:10)
  5 ogres
  A phantom (D:7)
  2 centaurs
  2 wolves (D:10)
  2 crocodiles
  6 big kobolds
  A gnoll sergeant (D:7)
  7 bullfrogs
  Dowan (D:6)
  3 scorpions
  6 killer bees (Lair:2)
  4 wights (D:9)
  6 electric eels
  4 howler monkeys
  4 crimson imps
  3 bullfrog zombies
  12 hounds
  Crazy Yiuf (D:3)
  A jelly (D:6)
  5 orc priests
  4 orc wizards
  Jessica (D:2)
  3 iguanas
  3 worker ants
  Natasha (D:4)
  A killer bee zombie (D:8)
  2 big kobold zombies (Ossuary)
  2 hound zombies
  2 mummies (Ossuary)
  16 gnolls
  A howler monkey skeleton (D:6)
  6 adders
  2 shadow imps
  An ooze (D:3)
  7 adder zombies
  A worm zombie (D:8)
  An adder skeleton (D:5)
  A worm (D:3)
  A dart slug (D:3)
  6 leopard geckos
  15 orcs
  5 giant cockroaches
  8 goblins
  9 hobgoblins
  3 jackals (D:3)
  4 quokkas
  2 ball pythons
  2 bats (D:1)
  2 frilled lizards
  2 gnoll zombies (Ossuary)
  4 hobgoblin zombies (Ossuary)
  2 jackal zombies
  17 kobolds
  11 kobold zombies (Ossuary)
  A leopard gecko skeleton (D:7)
  7 orc zombies (Ossuary)
  4 rats
276 creatures vanquished.

Vanquished Creatures (others)
  2 plants (Lair:2)
2 creatures vanquished.

Grand Total: 278 creatures vanquished

Notes
Turn   | Place    | Note
-------+----------+-------------------------------------------
     0 | D:1      | Illumine the Octopode Berserker began the quest for the
                  | Orb.
     0 | D:1      | Reached XP level 1. HP: 16/16 MP: 1/1
   248 | D:1      | Reached XP level 2. HP: 15/21 MP: 2/2
  1161 | D:2      | Noticed Jessica
  1171 | D:2      | Killed Jessica
  1171 | D:2      | Reached XP level 3. HP: 14/26 MP: 3/3
  1318 | D:2      | Reached XP level 4. HP: 29/33 MP: 4/4
  1495 | D:2      | Found a shimmering altar of Xom.
  1842 | D:2      | Found an ornate altar of the Wu Jian Council.
  1967 | D:3      | Found a blossoming altar of Fedhas.
  2000 | D:3      | Reached XP level 5. HP: 37/37 MP: 5/5
  2034 | D:3      | Found a burning altar of Makhleb.
  2082 | D:3      | Found an ancient bone altar of Kikubaaqudgha.
  2133 | D:3      | Reached ** piety under Trog
  2592 | D:3      | Found a runed translucent door.
  2593 | D:3      | Noticed Crazy Yiuf
  2720 | D:3      | Killed Crazy Yiuf
  2720 | D:3      | Reached skill level 1 in Stealth
  2789 | D:4      | Got an encrusted mace
  2793 | D:4      | Identified the +3 mace of Ineginai {crush, +Inv rPois
                  | Int+6} (You found it on level 4 of the Dungeon)
  2891 | D:4      | Reached XP level 6. HP: 38/44 MP: 6/6
  3055 | D:4      | Noticed Natasha
  3061 | D:4      | Killed Natasha
  3137 | D:4      | Reached skill level 2 in Stealth
  3379 | D:5      | Entered Level 5 of the Dungeon
  3558 | D:5      | Found a shadowy altar of Dithmenos.
  3933 | D:5      | Found a staircase to the Ecumenical Temple.
  4036 | D:5      | Noticed a sky beast
  4052 | D:5      | Killed a sky beast
  4052 | D:5      | Reached skill level 3 in Stealth
  4052 | D:5      | Reached XP level 7. HP: 40/49 MP: 7/7
  4303 | D:5      | Reached skill level 5 in Dodging
  4400 | D:5      | Noticed Pikel
  4468 | D:6      | Reached skill level 5 in Long Blades
  4561 | D:6      | Reached skill level 5 in Fighting
  4770 | D:6      | Noticed Duvessa
  4773 | D:6      | Noticed Dowan
  4803 | D:6      | Killed Duvessa
  4803 | D:6      | Reached skill level 4 in Stealth
  4916 | D:6      | Killed Dowan
  5096 | D:6      | You fall into a shaft and drop 1 floor!
  5096 | D:7      | Found an opulent altar of Gozag.
  5099 | D:7      | Reached XP level 8. HP: 55/55 MP: 8/8
  5250 | D:7      | Found Oxifry's Book Shop.
  5268 | D:7      | Reached skill level 5 in Stealth
  5285 | D:7      | Found Araixzo's General Store.
  5306 | D:6      | Found a glowing golden altar of the Shining One.
  5430 | D:6      | Found an iron altar of Okawaru.
  5589 | D:6      | Reached *** piety under Trog
  5742 | D:6      | Found a hide-covered altar of Uskayaw.
  6408 | D:7      | Found Evojiat's Magic Scroll Boutique.
  6412 | D:7      | Found Oruucuil's Assorted Antiques.
  6427 | D:7      | Bought an encrusted diamond ring for 155 gold pieces
  6438 | D:7      | Found a hazy altar of Hepliaklqana.
  6492 | D:7      | Reached skill level 6 in Stealth
  6681 | D:7      | Reached skill level 1 in Shields
  6681 | D:7      | Reached XP level 9. HP: 30/62 MP: 9/9
  7878 | D:8      | Found a sand-covered staircase.
  7891 | Ossuary  | Entered an ossuary
  7985 | Ossuary  | Reached **** piety under Trog
  8066 | D:8      | Noticed a two-headed ogre
  8289 | D:8      | Killed a two-headed ogre
  8289 | D:8      | Reached skill level 7 in Stealth
  8411 | D:8      | Noticed a two-headed ogre
  8418 | D:8      | Killed a two-headed ogre
  8418 | D:8      | Reached skill level 8 in Stealth
  8418 | D:8      | Reached skill level 5 in Shields
  8418 | D:8      | Reached XP level 10. HP: 71/71 MP: 10/10
  8977 | D:8      | Found a stormy altar of Qazlal.
  9103 | D:8      | Noticed a two-headed ogre
  9114 | D:8      | Killed a two-headed ogre
  9660 | D:9      | Reached skill level 9 in Stealth
 10101 | D:9      | Noticed Erica
 10105 | D:9      | Reached ***** piety under Trog
 10114 | D:9      | Killed Erica
 10114 | D:9      | Reached XP level 11. HP: 56/77 MP: 11/11
 10294 | D:10     | Entered Level 10 of the Dungeon
 10658 | D:10     | Noticed a two-headed hydra
 10665 | D:10     | Killed a one-headed hydra
 10665 | D:10     | Reached skill level 10 in Stealth
 10706 | D:10     | Received a gift from Trog
 10887 | D:10     | Found a staircase to the Lair.
 11619 | Lair:1   | Entered Level 1 of the Lair of Beasts
 12488 | Lair:2   | Mangled by a crocodile

Levels and vault maps discovered:
D:1:      ebering_hopf_link, layout_basic
D:2:      layout_basic, lemuel_coloured_pillars_altar, lemuel_doored_altar,
          first_ration, minmay_crystal_water, uniq_jessica
D:3:      layout_rooms, nicolae_overflow_crystal_walls,
          nicolae_overflow_hidden_temple, overflow_temple_1_default,
          minmay_misc_feat_five, minmay_hedge_maze, uniq_crazy_yiuf_cottage
D:4:      minmay_inner_zag, layout_loops_cross, uniq_natasha
D:5:      layout_basic, fiery_altar_vehumet, grunt_dithmenos_smoke,
          minmay_temple_entry_mist, uniq_pikel
D:6:      layout_basic, grunt_temple_overflow_open,
          eat_drink_and_be_merry_uskayaw, fountainhead, nrook_pool_corridor,
          minmay_fractal_squares_5, uniq_duvessa
D:7:      layout_basic, overflow_temple_1_default, kennysheep_little_box,
          serial_shops, nicolae_shop_window_shopping, shop, shop_scrolls, shop
D:8:      layout_cave_pods, old_standard_altar, enter_ossuary_3
D:9:      layout_rooms, uniq_erica
D:10:     layout_irregular_city, erik_lair_island, hangedman_ranch
          [blue_anna_fruit_fields]
Lair:1:   minmay_lair_venomous_thicket, layout_regular_city,
          serial_bayou_lagoon_a, infiniplex_staircase_pool_2
Lair:2:   layout_roguey [special_room_bee], elwin_shoals_entry_rocks,
          wad_woods_river_01, grunt_megastairs_4, minmay_lair_oklob_chamber

Skill      XL: |  1  2  3  4  5  6  7  8  9 10 11 |
---------------+----------------------------------+-----
Fighting       | 4 5 6 7 8 9 |  9.0
Long Blades    | 4 5 7 8 9 |  9.7
Dodging        | 4 5 6 7 8 9 |  9.0
Stealth        | 1 3 4 6 8 9 10 | 10.0
Shields        | 1 5 7 9 |  9.2

Action                   |  1- 3 |  4- 6 |  7- 9 | 10-12 || total
-------------------------+-------+-------+-------+-------++-------
Melee: Falchion          |    10 |       |       |       ||    10
       Constrict         |    14 |    25 |    62 |    66 ||   167
       Tentacles         |     5 |    30 |    76 |    97 ||   208
       Dagger            |    29 |    58 |       |       ||    87
       Long sword        |       |    38 |   224 |   148 ||   410
       Scimitar          |       |       |       |   195 ||   195
Invok: Berserk           |       |       |     3 |     6 ||     9
  Use: Scroll            |       |     4 |    10 |     3 ||    17
 Stab: Sleeping          |     5 |     5 |    13 |    15 ||    38
       Distracted        |       |       |       |     1 ||     1
  Eat: Chunk             |     1 |     2 |     6 |    15 ||    24
       Ration            |       |     2 |     3 |     1 ||     6
Armor: Skin              |     3 |     5 |     6 |     3 ||    17
Dodge: Dodged            |    14 |    76 |   174 |   212 ||   476
Block: Shield            |       |       |    33 |   175 ||   208
       Rpst.: Long sword |       |     8 |    47 |    20 ||    75
       Scimitar          |       |       |       |    35 ||    35
